[Event "Titled Tuesday Blitz May 03 Late 2022"]
[White "Yanayt, Eugene"]
[Black "Migot, Tangi"]
[WhiteFideId "2020165"]
[BlackFideId "662445"]
[WhiteElo "2046"]
[BlackElo "2500"]
[Result "0-1"]
[Round "04"]
[TimeControl "180+1"]
[Date "2022.05.03"]
[WhiteClock "0:00:01"]
[BlackClock "0:00:14"]

1. Nf3 Nf6 2. d4 b6 3. c4 Bb7 4. Nc3 g6 5. Bf4 Bg7 6. Qd2 O-O 7. h4 h5 8. d5 c6 9. e4 cxd5 10. exd5 e6 11. O-O-O exd5 12. cxd5 Na6 13. Kb1 Nc5 14. Ng5 Re8 15. f3 d6 16. Bc4 a6 17. a3 b5 18. Ba2 Rc8 19. g4 Qd7 20. gxh5 Nxh5 21. Nce4 Nxe4 22. Nxe4 Qf5 23. Bxd6 Red8 24. Be7 Rd7 25. d6 Qxf3 26. Ng5 Qf5+ 27. Qd3 Qxd3+ 28. Rxd3 Bxh1 29. Bxf7+ Kh8 30. Be6 Rcd8 31. Nf7+ Kh7 32. Ng5+ Kh6 33. Nf7+ Kh7 34. Nxd8 Rxd8 35. Bxd8 Be4 36. Bc7 Bxd3+ 37. Kc1 Bh6+ 38. Kd1 Nf6 39. Bd8 Bg7 40. Be7 Bf5 41. Bxf5 gxf5 42. Ke2 Nd7 43. Kf3 Kg6 44. b3 Bf6 45. Kf4 Be5+ 46. Kf3 Kf7 47. Ke3 Ke6 48. h5 Bxd6 49. Bg5 Be5 50. h6 Nf6 0-1


[Site "https://www.chess.com"]

[Event "Titled Tuesday Blitz May 03 Late 2022"]
[White "Yaran, Siar"]
[Black "Sztokbant, Bernardo Vainzoff"]
[WhiteFideId "6323006"]
[BlackFideId "2115956"]
[WhiteElo "1977"]
[BlackElo "2225"]
[Result "1-0"]
[Round "04"]
[TimeControl "180+1"]
[Date "2022.05.03"]
[WhiteClock "0:00:58"]
[BlackClock "0:01:03"]

1. e4 c5 2. Nf3 e6 3. Nc3 Nc6 4. d4 cxd4 5. Nxd4 Qc7 6. a3 a6 7. Be2 Nf6 8. Be3 b5 9. Nxc6 dxc6 10. f4 c5 11. e5 Nd7 12. O-O Bb7 13. Bf3 Be7 14. Ne4 O-O 15. Qe1 Rfd8 16. Qg3 Bxe4 17. Bxe4 Rac8 18. Rae1 c4 19. Bc1 Nc5 20. Bf3 Rd7 21. h4 Qd8 22. Rd1 Bxh4 23. Qh3 Be7 24. f5 exf5 25. Qxf5 Rxd1 26. Rxd1 Qc7 27. Bd5 Bf8 28. Rf1 Ne6 29. Bxe6 fxe6 30. Qxe6+ Kh8 31. Rf7 Qc5+ 32. Kh2 Rd8 33. Bg5 Rd1 34. Be3 1-0


[Site "https://www.chess.com"]

[Event "Titled Tuesday Blitz May 03 Late 2022"]
[White "Yuan, Qingyu"]
[Black "Djokic, Mihailo"]
[WhiteFideId "8609772"]
[BlackFideId "976440"]
[WhiteElo "2359"]
[BlackElo "2202"]
[Result "1-0"]
[Round "04"]
[TimeControl "180+1"]
[Date "2022.05.03"]
[WhiteClock "0:00:08"]
[BlackClock "0:00:01"]

1. e4 c5 2. Nf3 d6 3. Bb5+ Bd7 4. c4 Nf6 5. Nc3 g6 6. Bxd7+ Qxd7 7. d4 cxd4 8. Qxd4 Nc6 9. Qd3 Bg7 10. O-O O-O 11. Bg5 Rac8 12. Rac1 a6 13. b3 h6 14. Bxf6 Bxf6 15. Nd5 Qe6 16. Rfe1 Bg7 17. h3 Rfd8 18. b4 Kh7 19. Rc2 Rb8 20. a3 Rdc8 21. Rec1 Rf8 22. c5 Rbd8 23. Qe3 f5 24. Nf4 Qf7 25. exf5 Qxf5 26. Ne6 d5 27. Nxd8 Rxd8 28. Rd2 e5 29. Re1 e4 30. Nh2 h5 31. Rdd1 Rf8 32. Nf1 Bh6 33. Qe2 h4 34. Ne3 Qe6 35. Nxd5 Qf7 36. Nc3 e3 37. fxe3 Ne5 38. Rf1 Qb3 39. Rxf8 Bxf8 40. Nd5 Bh6 41. Nf4 Nc4 42. Rd3 Qa4 43. Qg4 Ne5 44. Qe6 Nxd3 45. Qxg6+ Kh8 46. Qxh6+ Kg8 47. Qg6+ Kf8 48. Qxd3 a5 49. Qf5+ Ke8 50. Qe6+ Kd8 51. Nd5 Qd1+ 52. Kh2 Qxd5 53. Qxd5+ 1-0


[Site "https://www.chess.com"]

[Event "Titled Tuesday Blitz May 03 Late 2022"]
[White "Zakhartsov, Vladimir"]
[Black "Bibasa, Bob"]
[WhiteFideId "4145097"]
[BlackFideId "10000240"]
[WhiteElo "2491"]
[BlackElo "2056"]
[Result "1-0"]
[Round "04"]
[TimeControl "180+1"]
[Date "2022.05.03"]
[WhiteClock "0:00:10"]
[BlackClock "0:00:03"]

1. c4 c5 2. Nf3 g6 3. Nc3 Bg7 4. e3 Nf6 5. d4 cxd4 6. exd4 d5 7. c5 O-O 8. h3 Nc6 9. Bd3 Ne4 10. Be3 Bf5 11. O-O Nxc3 12. bxc3 Bxd3 13. Qxd3 Qd7 14. Bf4 Rfe8 15. Rfe1 f6 16. Bg3 e5 17. Qb5 e4 18. Nd2 f5 19. Rab1 Bh6 20. Nf1 f4 21. Bh2 Re7 22. Nd2 Rf8 23. Nb3 a6 24. Qf1 g5 25. c4 Kh8 26. cxd5 Qxd5 27. Rbd1 Nb4 28. Qe2 Rfe8 29. Nc1 Bg7 30. Qh5 h6 31. a3 Nc2 32. Rf1 Rf8 33. Ne2 f3 34. Nf4 Rxf4 35. Bxf4 Nxd4 36. Be3 Ne2+ 37. Kh2 Qf5 38. g3 Kh7 39. Rd6 Re6 40. Qg4 Qxg4 41. hxg4 Re7 42. Rfd1 Kg8 43. Rd8+ Kf7 44. R1d7 Be5 45. Rxe7+ Kxe7 46. Rg8 Kf7 47. Rc8 Ke7 48. c6 bxc6 49. Rxc6 Nc3 50. Rxa6 Nd5 51. Bc5+ Kf7 52. Rxh6 Nf6 53. Kh3 Kg7 54. Rh5 Nxh5 55. gxh5 Kh6 56. Kg4 Bc7 57. a4 Bb8 58. Be3 Bd6 59. Bxg5+ Kg7 60. Be3 Kf6 61. h6 Kg6 62. a5 Bc7 63. a6 Bb8 64. a7 Bxa7 65. Bxa7 Kxh6 66. Kf5 1-0


[Site "https://www.chess.com"]

[Event "Titled Tuesday Blitz May 03 Late 2022"]
[White "Zanette, Edgard Vinicius"]
[Black "Hirneise, Jens"]
[WhiteFideId "2109263"]
[BlackFideId "24614734"]
[WhiteElo "2182"]
[BlackElo "2359"]
[Result "1-0"]
[Round "04"]
[TimeControl "180+1"]
[Date "2022.05.03"]
[WhiteClock "0:00:08"]
[BlackClock "0:00:01"]

1. e4 d5 2. exd5 Qxd5 3. Nc3 Qa5 4. d4 c6 5. Bc4 Nf6 6. Nf3 Bg4 7. h3 Bxf3 8. Qxf3 e6 9. Bb3 Nbd7 10. Bd2 Qc7 11. O-O-O a5 12. Rhe1 Be7 13. a4 O-O 14. g4 b5 15. g5 b4 16. gxf6 bxc3 17. fxe7 cxd2+ 18. Rxd2 Rfe8 19. Rg1 Rxe7 20. Qg4 g6 21. h4 c5 22. h5 c4 23. hxg6 fxg6 24. Ba2 Nf6 25. Qh4 Nd5 26. Re2 Rb8 27. c3 Nf4 28. Rd2 Nd3+ 29. Kb1 Nxb2 30. Rxb2 Rxb2+ 31. Kxb2 Rf7 32. Ka1 Qd7 33. Rb1 Qxa4 34. Qd8+ Kg7 35. Qd6 Rxf2 36. Qe5+ Kg8 37. Rb8+ Rf8 38. Qxe6+ Kg7 39. Qe5+ 1-0


[Site "https://www.chess.com"]

[Event "Titled Tuesday Blitz May 03 Late 2022"]
[White "Zhang, Derek"]
[Black "Tristan, Leonardo"]
[WhiteFideId "2087871"]
[BlackFideId "113816"]
[WhiteElo "2085"]
[BlackElo "2404"]
[Result "0-1"]
[Round "04"]
[TimeControl "180+1"]
[Date "2022.05.03"]
[WhiteClock "0:00:09"]
[BlackClock "0:00:17"]

1. Nf3 d5 2. c4 e6 3. e3 Nf6 4. Nc3 c5 5. cxd5 exd5 6. d4 Nc6 7. Be2 cxd4 8. Nxd4 Bd6 9. O-O O-O 10. b3 Bc7 11. Bb2 Qd6 12. g3 a6 13. Bf3 Bh3 14. Re1 Rad8 15. Rc1 Bb6 16. Nce2 Ne5 17. Bh1 Ba5 18. Bc3 Bxc3 19. Rxc3 Rfe8 20. Nf4 Bg4 21. f3 Bc8 22. Bg2 h5 23. h4 Ng6 24. Bf1 Nxf4 25. exf4 Qb6 26. Rce3 Rxe3 27. Rxe3 Qa5 28. Re2 Bd7 29. Qd2 Qb6 30. Kg2 Rc8 31. Re3 Rc5 32. Rc3 Qa5 33. Rd3 Qc7 34. Re3 a5 35. Bd3 b5 36. Re2 b4 37. Qd1 Rc3 38. Rc2 Qc5 39. Ne2 Rxc2 40. Bxc2 Bb5 41. Nd4 Ba6 42. Qd2 g6 43. Kf2 Kg7 44. Ke3 Ne8 45. Bd3 Nd6 46. Bxa6 Nf5+ 47. Kf2 Nxd4 48. Kg2 Qc3 49. Qf2 Nc2 50. Qe2 Ne3+ 51. Kf2 d4 52. Bd3 Qc1 53. Be4 Qh1 54. Qd3 Qh2+ 55. Ke1 Qxg3+ 56. Kd2 Qf2+ 57. Kc1 Qe1+ 58. Kb2 Qc3+ 59. Kb1 Qxd3+ 60. Bxd3 Ng2 61. Be4 Nxh4 62. a3 Ng2 63. axb4 axb4 64. f5 Nf4 65. Kc2 h4 66. fxg6 fxg6 67. Bd3 Nxd3 68. Kxd3 h3 69. Kxd4 h2 70. Kc4 h1=Q 71. Kxb4 Qxf3 0-1


[Site "https://www.chess.com"]

[Event "Titled Tuesday Blitz May 03 Late 2022"]
[White "Zherebtsova, Alexandra"]
[Black "Mohammadian, Mohammad"]
[WhiteFideId "24129518"]
[BlackFideId "12566055"]
[WhiteElo "2025"]
[BlackElo "1544"]
[Result "1-0"]
[Round "04"]
[TimeControl "180+1"]
[Date "2022.05.03"]
[WhiteClock "0:00:09"]
[BlackClock "0:00:03"]

1. d4 Nf6 2. Nf3 g6 3. c4 Bg7 4. Nc3 d5 5. e3 O-O 6. Qb3 dxc4 7. Bxc4 c6 8. Ne5 e6 9. a4 Nbd7 10. f4 Nd5 11. O-O Nxc3 12. bxc3 Nb6 13. Be2 Nd5 14. Ba3 Re8 15. c4 Nf6 16. Bf3 a6 17. Rfd1 Qc7 18. Rac1 Qb8 19. Rb1 Qc7 20. Rdc1 Qd8 21. h3 Nd7 22. Rd1 Nxe5 23. fxe5 Qh4 24. Bd6 Bh6 25. Rf1 Qg5 26. Rbe1 Qg3 27. Bd1 Qg5 28. Rf3 Qd8 29. Ref1 Rf8 30. Bxf8 Qxf8 31. Rxf7 Qxf7 32. Rxf7 Kxf7 33. e4 Bg7 34. Qb6 Bf8 35. Qc7+ Be7 36. d5 exd5 37. exd5 cxd5 38. cxd5 Ke8 39. d6 Bg5 40. Bg4 1-0


[Site "https://www.chess.com"]

[Event "Titled Tuesday Blitz May 03 Late 2022"]
[White "Zivkovic, Nemanja"]
[Black "Khanin, Semen"]
[WhiteFideId "942154"]
[BlackFideId "4111990"]
[WhiteElo "2364"]
[BlackElo "2442"]
[Result "0-1"]
[Round "04"]
[TimeControl "180+1"]
[Date "2022.05.03"]
[WhiteClock "0:00:03"]
[BlackClock "0:00:04"]

1. e4 c5 2. Nf3 e6 3. c3 d5 4. d3 Nf6 5. Nbd2 Nc6 6. Be2 Qc7 7. O-O Be7 8. a3 a5 9. a4 O-O 10. Qc2 b6 11. Nb1 Bb7 12. Na3 Rac8 13. Re1 Rfd8 14. Nb5 Qb8 15. Bg5 c4 16. Bxf6 Bxf6 17. exd5 Rxd5 18. dxc4 Rdd8 19. Rad1 g6 20. g3 Ne7 21. Rxd8+ Rxd8 22. Rd1 Nf5 23. Rxd8+ Qxd8 24. Qd1 Qe7 25. Bf1 Qc5 26. Qd3 h5 27. Bg2 h4 28. g4 h3 29. Bxh3 Ne3 30. Nbd4 Nxc4 31. b3 Ne5 32. Nxe5 Qxe5 33. Bg2 Qe1+ 34. Qf1 Qxc3 35. Bxb7 Bxd4 36. Qd1 Kg7 37. Bf3 Qb2 38. Be2 Bc5 39. Qd3 e5 40. Kg2 Qc1 41. h4 Qf4 42. Qf3 Qd4 43. Bc4 Qd7 44. Kh3 Qe7 45. Kg2 e4 46. Qf4 Bd6 47. Qg5 Qc7 48. h5 Bf4 49. h6+ Kh7 50. Qf6 Kxh6 51. Bxf7 Qd6 52. Qh8+ Kg5 53. Qg7 Be5 54. Qg8 e3 55. fxe3 Qd2+ 56. Kf1 Qd1+ 57. Kf2 Qd2+ 58. Kf1 Kh4 59. Bd5 Kg3 60. Bc4 Qf2# 0-1


[Site "https://www.chess.com"]

[Event "Titled Tuesday Blitz May 03 Late 2022"]
[White "Zlatin, Alexander"]
[Black "Barp, Alberto"]
[WhiteFideId "2810549"]
[BlackFideId "872555"]
[WhiteElo "2228"]
[BlackElo "2229"]
[Result "0-1"]
[Round "04"]
[TimeControl "180+1"]
[Date "2022.05.03"]
[WhiteClock "0:00:30"]
[BlackClock "0:00:37"]

1. d4 Nf6 2. Nc3 e6 3. Bf4 Bb4 4. e3 Nd5 5. Ne2 Nxf4 6. exf4 b6 7. g3 Bb7 8. Rg1 O-O 9. Qd3 d5 10. a3 Be7 11. Bh3 c5 12. O-O-O Ba6 13. Qe3 Re8 14. Kb1 Nc6 15. Qd2 Nxd4 16. Nxd4 cxd4 17. Qxd4 Bf6 18. Qd2 Rc8 19. Ne2 Qc7 20. c3 Bc4 21. Nd4 a5 22. g4 b5 23. g5 Bxd4 24. Qxd4 b4 25. a4 bxc3 26. Qxc3 Qb6 27. Rd2 Ba2+ 28. Kxa2 Rxc3 29. bxc3 Qc6 30. Rb2 Qxa4+ 31. Kb1 Qe4+ 32. Ka1 Qxf4 33. Rg3 a4 34. Bf1 Qc1+ 35. Ka2 Qxf1 36. g6 Qc4+ 37. Ka3 hxg6 38. Rb4 Qe2 39. Rxa4 Qxf2 40. Rd3 Qc5+ 41. Rb4 Rb8 42. Kb3 Rxb4+ 43. cxb4 Qc4+ 44. Ka4 Qxd3 45. h3 Qc4 46. h4 d4 47. h5 d3 48. Ka5 d2 49. Kb6 Qxb4+ 50. Ka7 gxh5 51. Ka8 h4 52. Ka7 g5 53. Ka8 h3 54. Ka7 g4 55. Ka8 g3 56. Ka7 h2 57. Ka8 Qb5 58. Ka7 g2 59. Ka8 f5 60. Ka7 e5 61. Ka8 e4 62. Ka7 f4 63. Ka8 f3 64. Ka7 e3 65. Ka8 e2 66. Ka7 f2 67. Ka8 Kf7 68. Ka7 Ke6 69. Ka8 Kd5 70. Ka7 Kd4 71. Ka8 Kc3 72. Ka7 Kc2 73. Ka8 d1=Q 74. Ka7 e1=Q 75. Ka8 f1=Q 76. Ka7 g1=Q+ 77. Ka8 h1=Q# 0-1


[Site "https://www.chess.com"]

[Event "Titled Tuesday Blitz May 03 Late 2022"]
[White "Abdyzhapar, Asylbek"]
[Black "Fiorito, Fabian"]
[WhiteFideId "13800337"]
[BlackFideId "100200"]
[WhiteElo "2331"]
[BlackElo "2395"]
[Result "1-0"]
[Round "05"]
[TimeControl "180+1"]
[Date "2022.05.03"]
[WhiteClock "0:02:21"]
[BlackClock "0:01:07"]

1. d4 Nf6 2. Bg5 d5 3. e3 Nbd7 4. Nd2 c6 5. c3 g6 6. Bd3 Bg7 7. f4 h6 8. Bh4 Qb6 9. b3 Nf8 10. Ngf3 Bf5 11. Bxf5 gxf5 12. Ne5 e6 13. O-O Ng6 14. Bf2 Ke7 15. c4 Rac8 16. c5 Qc7 17. h3 h5 18. Nxg6+ fxg6 19. Bh4 Kf7 20. Bxf6 Bxf6 21. Nf3 h4 22. b4 a6 23. a4 Ke7 24. b5 Rcg8 25. Qb3 Rb8 26. Rab1 Kd7 27. Qd3 axb5 28. axb5 Ra8 29. bxc6+ bxc6 30. Rb6 Rhb8 31. Rfb1 Rxb6 32. cxb6 Qb7 33. Kh2 Ra6 34. Qxa6 Qxa6 35. b7 Be5 36. Nxe5+ 1-0


[Site "https://www.chess.com"]

[Event "Titled Tuesday Blitz May 03 Late 2022"]
[White "Adewumi, Tanitoluwa"]
[Black "Winkels, Marcel"]
[WhiteFideId "30966396"]
[BlackFideId "1003887"]
[WhiteElo "2531"]
[BlackElo "1900"]
[Result "0-1"]
[Round "05"]
[TimeControl "180+1"]
[Date "2022.05.03"]
[WhiteClock "0:02:24"]
[BlackClock "0:02:25"]

1. e4 e5 2. Nf3 Nf6 3. Bc4 Nxe4 4. Nxe5 d5 5. Be2 Bd6 6. d4 O-O 7. f3 Qh4+ 8. g3 Nxg3 9. hxg3 Qxh1+ 10. Kf2 Qh2+ 11. Kf1 Qxg3 12. Nd3 Bh3# 0-1


[Site "https://www.chess.com"]

[Event "Titled Tuesday Blitz May 03 Late 2022"]
[White "Akrakan"]
[Black "Castillo Pena, Patricia Evarista"]
[BlackFideId "6412106"]
[WhiteElo "2142"]
[BlackElo "1918"]
[Result "0-1"]
[Round "05"]
[TimeControl "180+1"]
[Date "2022.05.03"]
[WhiteClock "0:00:17"]
[BlackClock "0:00:18"]

1. e4 c5 2. Nf3 d6 3. c3 Nf6 4. Qc2 Nc6 5. d4 cxd4 6. cxd4 e6 7. Nc3 a6 8. a3 Be7 9. Bd3 O-O 10. e5 dxe5 11. dxe5 Ng4 12. Bxh7+ Kh8 13. Be4 Ngxe5 14. O-O Nxf3+ 15. Bxf3 Nd4 16. Qe4 Nxf3+ 17. Qxf3 Kg8 18. Rd1 Qa5 19. Be3 Bf6 20. Rac1 Qf5 21. Qe2 b5 22. b4 Bb7 23. Rd7 Bc6 24. Rc7 Rac8 25. Rxc8 Rxc8 26. Bc5 Bb7 27. f3 Rd8 28. Ne4 Bxe4 29. fxe4 Qg5 30. Rd1 Qh4 31. Rxd8+ Bxd8 32. g3 Qf6 33. Qd3 Qa1+ 34. Kg2 Bf6 35. Kh3 g6 36. Bd6 Qc3 37. Qd1 Qd4 38. Qxd4 Bxd4 39. Kg4 Bb2 40. Kg5 Bxa3 41. Kf6 a5 42. e5 axb4 43. Bxb4 Bxb4 44. h4 Bc3 0-1


[Site "https://www.chess.com"]

[Event "Titled Tuesday Blitz May 03 Late 2022"]
[White "Al-Tarboush, Ward"]
[Black "Cabarkapa, Novak"]
[WhiteFideId "7601450"]
[BlackFideId "943746"]
[WhiteElo "2276"]
[BlackElo "2443"]
[Result "1-0"]
[Round "05"]
[TimeControl "180+1"]
[Date "2022.05.03"]
[WhiteClock "0:00:08"]
[BlackClock "0:00:02"]

1. e4 d5 2. exd5 Qxd5 3. Nc3 Qd6 4. d4 Nf6 5. Nf3 g6 6. Ne5 Bg7 7. Nc4 Qd8 8. Bf4 O-O 9. Be2 Nc6 10. d5 Nb4 11. Bf3 Bf5 12. Ne3 Bd7 13. a3 Na6 14. O-O Ne8 15. Re1 Nc5 16. Qd2 a5 17. Rad1 a4 18. Nc4 Nd6 19. Ne5 Bf5 20. Qe3 Ra5 21. Re2 h5 22. h3 f6 23. Nd3 Nxd3 24. cxd3 g5 25. Bh2 Bg6 26. Qxe7 Ra8 27. Qxd8 Raxd8 28. Re7 Rf7 29. Rxf7 Kxf7 30. Ne4 Nb5 31. Nc5 Nd4 32. Be4 f5 33. Bxc7 Ra8 34. d6 fxe4 35. d7 Bf6 36. dxe4 Nc6 37. e5 Be7 38. e6+ Kf6 39. Nxb7 Kxe6 40. d8=Q Nxd8 41. Nxd8+ Kf6 42. Nc6 Rc8 43. Be5+ Ke6 44. Nxe7 Kxe7 45. Bc3 Bc2 46. Re1+ Kf7 47. Re5 Kg6 48. Bd2 Bf5 49. Ra5 g4 50. hxg4 hxg4 51. Rxa4 Rc2 52. Ra6+ Kf7 53. Bc3 Be4 54. Rf6+ Ke7 55. Rf4 Re2 56. Rxg4 Ke6 57. a4 Kf5 58. Rg8 Rc2 59. a5 Rc1+ 60. Kh2 Ra1 61. Rf8+ Kg6 62. Rf6+ Kg5 63. f3 Bf5 64. g4 Bg6 65. Rb6 Bd3 66. Kg3 Rg1+ 67. Kf2 Rd1 68. a6 1-0


[Site "https://www.chess.com"]

[Event "Titled Tuesday Blitz May 03 Late 2022"]
[White "Andreikin, Dmitry"]
[Black "Quesada Perez, Yuniesky"]
[WhiteFideId "4158814"]
[BlackFideId "3504409"]
[WhiteElo "2736"]
[BlackElo "2622"]
[Result "1-0"]
[Round "05"]
[TimeControl "180+1"]
[Date "2022.05.03"]
[WhiteClock "0:01:39"]
[BlackClock "0:00:36"]

1. d4 d5 2. c4 c6 3. Nf3 Nf6 4. Qc2 dxc4 5. Qxc4 Bf5 6. g3 e6 7. Bg2 Nbd7 8. O-O Be7 9. Nc3 O-O 10. e3 h6 11. Re1 Bh7 12. e4 b5 13. Qe2 b4 14. e5 bxc3 15. exf6 cxb2 16. Bxb2 Bxf6 17. Ne5 Bxe5 18. dxe5 Nc5 19. Ba3 Qa5 20. Qe3 Nd3 21. Bxf8 Nxe1 22. Bxg7 Kxg7 23. Rxe1 Qxa2 24. Qf4 Rb8 25. Be4 Bxe4 26. Rxe4 Rb1+ 27. Kg2 Qd5 28. Kh3 h5 29. Rd4 1-0


[Site "https://www.chess.com"]

[Event "Titled Tuesday Blitz May 03 Late 2022"]
[White "Barp, Alberto"]
[Black "Licznerski, Lukasz"]
[WhiteFideId "872555"]
[BlackFideId "1179250"]
[WhiteElo "2229"]
[BlackElo "2422"]
[Result "0-1"]
[Round "05"]
[TimeControl "180+1"]
[Date "2022.05.03"]
[WhiteClock "0:01:19"]
[BlackClock "0:00:12"]

1. d4 Nf6 2. c4 g6 3. f3 Nc6 4. Nc3 d5 5. Bg5 Bg7 6. cxd5 Nxd5 7. e4 Nxc3 8. bxc3 h6 9. Bh4 O-O 10. Bc4 g5 11. Bf2 e5 12. Ne2 Qe7 13. O-O Rd8 14. Qd2 exd4 15. cxd4 Nxd4 16. Nxd4 c5 17. Rad1 cxd4 18. Rfe1 Be6 19. Bd3 Rac8 20. h4 Be5 21. hxg5 hxg5 22. g3 Qf6 23. Kg2 Kg7 24. Rh1 Rh8 25. Qe2 a6 26. Rdg1 b5 27. Be1 Bc4 28. Bd2 Bxd3 29. Qxd3 Qe6 30. f4 Bf6 31. e5 Be7 32. Kf3 Qd5+ 33. Kg4 Rxh1 34. Rxh1 Qxh1 35. f5 Qd1+ 36. Kh3 Rh8+ 37. Kg2 Qh1+ 38. Kf2 Rh2# 0-1


[Site "https://www.chess.com"]

[Event "Titled Tuesday Blitz May 03 Late 2022"]
[White "Bas Mas, Jose Joaquin"]
[Black "Sargsyan, Anna M."]
[WhiteFideId "22219064"]
[BlackFideId "13308130"]
[WhiteElo "2212"]
[BlackElo "2271"]
[Result "0-1"]
[Round "05"]
[TimeControl "180+1"]
[Date "2022.05.03"]
[WhiteClock "0:00:07"]
[BlackClock "0:00:06"]

1. e4 c6 2. Nc3 d5 3. Nf3 Bg4 4. h3 Bxf3 5. Qxf3 Nf6 6. e5 Nfd7 7. d4 e6 8. Qg3 c5 9. Bd3 cxd4 10. Ne2 Nc6 11. Bf4 h6 12. h4 Qb6 13. O-O O-O-O 14. a3 Kb8 15. b4 Be7 16. Qxg7 Bxh4 17. Qxf7 Ncxe5 18. Bxe5+ Nxe5 19. Qf4 Qc7 20. Qxh4 Rdg8 21. Ng3 h5 22. Qxd4 h4 23. Qf4 Rg4 24. Qf6 Rhg8 25. Bh7 Qxh7 26. Qxe5+ Ka8 27. Ne2 Rxg2+ 28. Kh1 R2g5 29. Qh2 Qxc2 30. Nf4 e5 31. Rac1 Qe4+ 32. f3 Qxf4 33. Qxf4 exf4 34. Rfd1 Rg3 35. Rd2 Rh3+ 36. Rh2 Rxf3 37. Rxh4 a6 38. Rd1 Rxa3 39. Rxd5 f3 40. Rf4 Ra1+ 41. Kh2 Ra2+ 42. Kh3 f2 43. Rdf5 Ra3+ 44. Kh2 Rb3 45. b5 Rxb5 46. Rf8+ Rxf8 47. Rxf8+ Ka7 48. Rxf2 a5 49. Kg1 a4 50. Kf1 Rb1+ 51. Kg2 b5 52. Kf3 Rb3+ 53. Ke4 a3 54. Kd4 Rb2 55. Rf7+ Kb6 56. Rf6+ Ka5 57. Rf8 Kb4 58. Ra8 Rd2+ 59. Ke3 Rd7 60. Ke2 Kb3 61. Ra5 b4 62. Ra6 Kb2 63. Ra7 Rxa7 64. Kd2 a2 0-1


[Site "https://www.chess.com"]

[Event "Titled Tuesday Blitz May 03 Late 2022"]
[White "Bibasa, Bob"]
[Black "Petrova, Irina"]
[WhiteFideId "10000240"]
[BlackFideId "14124122"]
[WhiteElo "2056"]
[BlackElo "1993"]
[Result "1-0"]
[Round "05"]
[TimeControl "180+1"]
[Date "2022.05.03"]
[WhiteClock "0:01:34"]
[BlackClock "0:00:55"]

1. e4 c5 2. Nf3 Nc6 3. Bb5 g6 4. O-O Bg7 5. Bxc6 dxc6 6. d3 Nf6 7. Nc3 Nd7 8. Be3 e5 9. Qd2 h6 10. a3 b6 11. b4 cxb4 12. axb4 Nf8 13. b5 Bb7 14. bxc6 Bxc6 15. Rfe1 Ne6 16. Ne2 Nd4 17. Nexd4 exd4 18. Bf4 g5 19. Be5 O-O 20. Bxg7 Kxg7 21. Qb4 f5 22. Nxd4 Bd7 23. exf5 Bxf5 24. Re7+ Kg6 25. Rae1 Rf6 26. Nxf5 Rxf5 27. R1e6+ Rf6 28. Qe4+ 1-0


[Site "https://www.chess.com"]

[Event "Titled Tuesday Blitz May 03 Late 2022"]
[White "Bordi, Kevin"]
[Black "Lashkin, Jegor"]
[WhiteFideId "621862"]
[BlackFideId "13907808"]
[WhiteElo "2651"]
[BlackElo "2368"]
[Result "1-0"]
[Round "05"]
[TimeControl "180+1"]
[Date "2022.05.03"]
[WhiteClock "0:00:08"]
[BlackClock "0:00:05"]

1. e4 c5 2. Nf3 d6 3. d4 cxd4 4. Nxd4 Nf6 5. Nc3 a6 6. Rg1 e5 7. Nb3 h5 8. h3 Be6 9. g4 hxg4 10. hxg4 d5 11. exd5 Nxd5 12. Nxd5 Qxd5 13. Be3 Nc6 14. Qxd5 Bxd5 15. O-O-O O-O-O 16. Be2 Be7 17. g5 Be6 18. Nc5 Bf5 19. c3 Rxd1+ 20. Rxd1 Rh3 21. b4 Rh4 22. Bf3 Bg4 23. Rh1 Rxh1+ 24. Bxh1 Kc7 25. Bd5 Nd8 26. a4 f6 27. g6 Bf5 28. Be4 Bxe4 29. Nxe4 Ne6 30. Ng3 Nf8 31. Nf5 Nxg6 32. Nxg7 b5 33. axb5 axb5 34. Kc2 Kc6 35. Kd3 Kd5 36. Nf5 Bf8 37. Bd2 e4+ 38. Kc2 Ne5 39. Ne3+ Kc6 40. Kb3 Bh6 41. Nf1 Bxd2 42. Nxd2 f5 43. c4 Nd3 44. cxb5+ Kxb5 45. Nc4 Kc6 46. b5+ Kc5 47. b6 Kc6 48. b7 Nc5+ 49. Kc3 Nxb7 50. Kd4 Nd6 51. Ne3 Kd7 52. Ke5 Ke7 53. Nxf5+ Nxf5 54. Kxf5 e3 55. fxe3 Kf7 56. e4 Ke7 57. Ke5 Kd7 58. Kf6 Kd6 59. e5+ Kd7 60. Kf7 1-0


[Site "https://www.chess.com"]

[Event "Titled Tuesday Blitz May 03 Late 2022"]
[White "Bortnyk, Olexandr"]
[Black "Yaran, Siar"]
[WhiteFideId "14120828"]
[BlackFideId "6323006"]
[WhiteElo "2723"]
[BlackElo "1977"]
[Result "1-0"]
[Round "05"]
[TimeControl "180+1"]
[Date "2022.05.03"]
[WhiteClock "0:00:51"]
[BlackClock "0:00:01"]

1. d4 Nf6 2. Nc3 e6 3. Bf4 d5 4. Nb5 Na6 5. e3 c6 6. Nc3 Nb8 7. Nf3 Bd6 8. Ne5 Qc7 9. Qf3 Nbd7 10. Nxd7 Bxd7 11. Bd3 e5 12. dxe5 Bxe5 13. Qg3 Bxf4 14. Qxg7 Ke7 15. exf4 Qxf4 16. Qg3 Qxg3 17. hxg3 h5 18. f3 Kd6 19. Kf2 Rag8 20. Rad1 Rg5 21. Ne2 Rhg8 22. c4 Be6 23. cxd5 Bxd5 24. b4 Kc7 25. a3 a5 26. bxa5 Ra8 27. a6 b5 28. a4 bxa4 29. Ra1 Bb3 30. Rhc1 Rd5 31. Rc3 Kb6 32. Nc1 Bd1 33. Ke1 Bb3 34. Nxb3 axb3 35. Rxb3+ Kc7 36. Rb7+ Kd6 37. a7 Re5+ 38. Kf2 Re7 39. Rxe7 Kxe7 40. Bc4 Ne8 41. Ra6 Nd6 42. Bb3 Kd7 43. Ra5 Kc7 44. Rxh5 Kb6 45. g4 Rxa7 46. Rh6 Kc5 47. g5 Ra3 48. Bd1 Kd5 49. Rh5 Ke6 50. Rh6+ Ke7 51. g4 Nc4 52. Rxc6 Ne5 53. Rb6 Nd3+ 54. Kg3 Ra1 55. Rb7+ Kd6 56. Be2 Ne5 57. Kf4 Ra4+ 58. Kf5 Ng6 59. Rxf7 Nh4+ 60. Kf6 Rf4+ 61. Kg7 Rd4 62. f4 1-0


[Site "https://www.chess.com"]

[Event "Titled Tuesday Blitz May 03 Late 2022"]
[White "Diaz, Fernando"]
[Black "Zhang, Derek"]
[WhiteFideId "3701255"]
[BlackFideId "2087871"]
[WhiteElo "1934"]
[BlackElo "2085"]
[Result "0-1"]
[Round "05"]
[TimeControl "180+1"]
[Date "2022.05.03"]
[WhiteClock "0:00:06"]
[BlackClock "0:00:05"]

1. e4 e6 2. d4 d5 3. Nc3 Bb4 4. e5 c5 5. a3 Bxc3+ 6. bxc3 Qa5 7. Qd2 Ne7 8. a4 Nbc6 9. Nf3 Bd7 10. Be2 O-O 11. O-O cxd4 12. cxd4 Qxd2 13. Bxd2 Rac8 14. a5 Rc7 15. g4 f6 16. exf6 Rxf6 17. Ra3 Nc8 18. g5 Rf7 19. Kg2 Nd6 20. Bd3 Rf8 21. Re1 Bc8 22. h4 Rcf7 23. Be2 Re7 24. Re3 Nf5 25. Rd3 Bd7 26. c3 Nxa5 27. Bc1 Nc4 28. Rdd1 Nfd6 29. Ne5 Bc6 30. Nxc4 dxc4+ 31. Kg3 Ne4+ 32. Kh3 Nxf2+ 33. Kg3 Nxd1 34. Ba3 Nxc3 35. Bxe7 Nxe2+ 36. Rxe2 Re8 37. Bc5 b6 38. Bb4 a5 39. Bc3 a4 40. Kf4 Bd5 41. Bb4 b5 42. Rc2 Ra8 43. Rc3 a3 44. Bxa3 Ra4 45. Bc5 b4 46. Rc1 b3 47. Ke5 b2 48. Rf1 Ra8 49. h5 c3 50. Bb4 c2 51. g6 b1=Q 52. gxh7+ Kxh7 53. Rf7 Qxb4 54. h6 Qb8+ 0-1


[Site "https://www.chess.com"]

[Event "Titled Tuesday Blitz May 03 Late 2022"]
[White "Wagner, Dinara"]
[Black "Dimakiling, Oliver"]
[WhiteFideId "24157570"]
[BlackFideId "5202248"]
[WhiteElo "2216"]
[BlackElo "2426"]
[Result "0-1"]
[Round "05"]
[TimeControl "180+1"]
[Date "2022.05.03"]
[WhiteClock "0:00:04"]
[BlackClock "0:00:52"]

1. d4 Nf6 2. c4 d6 3. Nf3 Bf5 4. Nc3 Nbd7 5. g3 c6 6. Bg2 h6 7. O-O e5 8. Re1 Be7 9. e4 Bh7 10. h3 O-O 11. Be3 Nxe4 12. Nxe4 Bxe4 13. dxe5 Bxf3 14. Qxf3 Nxe5 15. Qe2 Re8 16. Rad1 Qc7 17. b3 Bf8 18. Qc2 Re6 19. Bd4 Rae8 20. Qc3 Nd7 21. Rxe6 Rxe6 22. Kh2 a6 23. Rd2 Qd8 24. Qf3 Qe8 25. Bc3 Nc5 26. Qg4 Ne4 27. Bxe4 Rxe4 28. Qf3 Qe6 29. Kg2 f5 30. Bb2 Be7 31. Bc3 Bg5 32. Rc2 d5 33. cxd5 Qxd5 34. h4 Bxh4 35. Rd2 Qc5 36. gxh4 Rxh4 37. Rd7 Rg4+ 38. Kf1 b5 39. Rc7 b4 40. Bb2 Qb5+ 41. Ke1 Re4+ 42. Kd2 Qd5+ 43. Kc2 Qc5+ 44. Kd2 Qd5+ 45. Kc2 Rc4+ 46. bxc4 Qxf3 47. Rxg7+ Kf8 48. Rc7 Qxf2+ 49. Kb3 c5 50. Bg7+ Ke8 51. Bxh6 Qg3+ 52. Kb2 Qxc7 0-1


[Site "https://www.chess.com"]